 Dungeon Crawl Stone Soup version 0.31-a0-1074-g0b22e4e0f1 (webtiles) character file.

Game seed: 1409997792299400830

2333 timneilson the Ruffian (level 9, -9/61 HPs)
             Began as an Octopode Shapeshifter on Dec 2, 2023.
             Was an Initiate of Gozag.
             Mangled by a gnoll
             ... wielding a +0 spear
             ... led by a gnoll bouda
              (11 damage)
             ... on level 7 of the Dungeon.
             The game lasted 00:14:46 (6894 turns).

timneilson the Ruffian (Octopode Shapeshifter)      Turns: 6894, Time: 00:14:46

Health: -9/61      AC:  1    Str: 18    XL:     9   Next: 42%
Magic:  9/9        EV: 14    Int: 12    God:    Gozag
Gold:   863        SH:  4    Dex: 11    Spells: 8/8 levels left

rFire   . .          .
                       - Unarmed
rCold   . . .        k - +0 buckler
rNeg    . . .        (helmet currently unavailable)
rPois   .            (no amulet)
rElec   .            (no ring)
rCorr   .            (no ring)
SInv    .            (no ring)
Will    .....        (no ring)
Stlth   ++++         (no ring)
HPRegen 0.30/turn    (no ring)
MPRegen 0.11/turn    (no ring)
                     (no ring)

%: no passive effects
@: beast-form
A: beast (slay +3), almost no armour, amphibious, 8 rings, camouflage 1,
gelatinous body 1, (nimble swimmer 1), tentacles
a: Begin Untransformation, Renounce Religion, Potion Petition, Call Merchant,
Bribe Branch


You were on level 7 of the Dungeon.
You worshipped Gozag.
Gozag was pleased with you.
You were a hulking beast.
You visited 2 branches of the dungeon, and saw 8 of its levels.
You also visited: Sewer.

You collected 903 gold pieces.
You paid 40 gold pieces to Gozag.

Inventory:

Missiles
 v - a throwing net
Armour
 k - a +0 buckler (worn)
Talismans
 b - a beast talisman
 c - a flux talisman
Scrolls
 d - a scroll of amnesia
 e - 2 scrolls of immolation
 f - 2 scrolls of teleportation
 l - a scroll of poison
 n - a scroll of enchant weapon
 r - a scroll of vulnerability
 s - a scroll of identify
 t - a scroll of brand weapon
Potions
 a - a potion of lignification
 g - a potion of curing
 h - a potion of heal wounds
 i - 2 potions of enlightenment
 j - 2 potions of attraction
 m - 3 potions of invisibility
 o - a potion of cancellation
 p - 2 potions of brilliance
 q - 2 potions of magic
 u - a potion of resistance {unknown}


   Skills:
 * Level 5.5 Fighting
 * Level 5.9 Dodging
 + Level 5.6 Stealth
 + Level 2.2 Shields
 * Level 6.5 Unarmed Combat
 * Level 5.9 Shapeshifting


You had 8 spell levels left.
You didn't know any spells.
Your spell library contained the following spells:

 Spells                   Type           Power      Damage    Failure   Level
 Summon Small Mammal      Summ           0%         N/A       38%         1
 Poisonous Vapours        Pois/Air       0%         N/A       54%         2
 Call Canine Familiar     Summ           0%         N/A       77%         3
 Mephitic Cloud           Conj/Pois/Air  0%         N/A       77%         3
 Summon Guardian Golem    Hex/Summ       0%         N/A       77%         3
 Tukima's Dance           Hex            0%         N/A       77%         3
 Passage of Golubria      Tloc           0%         N/A       99%         4
 Freezing Cloud           Conj/Ice/Air   0%         6-21      100%        5
 Yara's Violent Unravell  Hex/Tmut       0%         3d3       100%        5


Dungeon Overview and Level Annotations

Branches:
Dungeon (7/15)             Temple (1/1) D:4           Sewer (visited)

Altars:
Ashenzari
Cheibriados
Dithmenos
Elyvilon
Fedhas
Gozag
Hepliaklqana
Kikubaaqudgha
Makhleb
Nemelex Xobeh
Okawaru
Qazlal
Ru
Sif Muna
Trog
Uskayaw
Vehumet
Wu Jian
Xom
Yredelemnul
Zin
The Shining One

Shops:
D:3 *

Annotations:
D:3 2 transporters


Innate Abilities, Weirdness & Mutations

You are a hulking beast.
Your limbs bulge with bestial killing power. (Slay +3)
You cannot wear most types of armour.
You are amphibious.
You can wear up to eight rings at the same time.
Your skin changes colour to match your surroundings (Stealth+).
Your rubbery body absorbs attacks. (AC +1, EV +1)
((You are camouflaged when in or above water. (Stealth+)))
You have tentacles for arms and can constrict up to eight enemies at once.


Message History

The gnolls pick up the pace!
The gnoll closely misses you.
You tentacle-slap the gnoll bouda.
The gnoll bouda is severely wounded.
You constrict the gnoll bouda.
The gnoll is no longer distracted by gold.
The gnoll hits you but does no damage. The gnoll bouda barely misses you.
The gnoll hits you with a +0 whip. The gnoll barely misses you.
The gnoll hits you from afar with a +0 halberd!
You tentacle-slap the gnoll bouda but do no damage.
You squeeze the gnoll bouda, but do no damage.
The gnoll bouda is severely wounded.
You constrict the gnoll bouda. The gnoll completely misses you.
The gnoll bouda hits you with a +0 club.
The gnoll closely misses you. The gnoll hits you with a +0 spear.
The gnoll closely misses you.
You bludgeon the gnoll bouda!
You kill the gnoll bouda!
You block the gnoll's attack. The gnoll hits you with a +0 spear.
The gnoll hits you with a +0 whip!
* * * LOW HITPOINT WARNING * * *
The gnoll hits you with a +0 spear.
* * * LOW HITPOINT WARNING * * *
You feel much better.
Your attacks no longer feel as feeble.
The gnoll misses you. You block the gnoll's attack.
The gnoll hits you with a +0 spear. The gnoll hits you with a +0 whip!
The gnoll attacks as it pursues you!
The gnoll hits you from afar with a +0 halberd!
* * * LOW HITPOINT WARNING * * *
The gnoll attacks as it pursues you! You block the gnoll's attack.
The gnoll attacks as it pursues you! The gnoll misses you.
The gnoll hits you from afar with a +0 spear.
* * * LOW HITPOINT WARNING * * *
The gnoll closely misses you. The gnoll barely misses you.
The gnoll attacks as it pursues you! You block the gnoll's attack.
The gnoll attacks as it pursues you!
The gnoll hits you from afar with a +0 spear!
You die...
Your body crumbles into a pile of gold.

..# ..#### ####### .....#
#.....# ..##.###.....#
..##.........#
..#####......#
..+..........#
..#####......#############
..# #......').h.g#.....##
..# #......#####g.g......
#+######.....g......#
#...........>.
#......######. #.....)#
#......# #....... ######.#


You could see 4 gnolls.

Vanquished Creatures
  Eustachio (D:6)
  Menkaure (D:5)
  A water moccasin (D:6)
  An orc warrior (D:7)
  An ice beast (D:6)
  A black bear (D:5)
  A sky beast (D:7)
  A centaur (D:5)
  2 kobold brigands (Sewer)
  A bullfrog (D:6)
  2 scorpions
  4 wights (D:5)
  2 howler monkeys
  An electric eel (D:7)
  3 hounds
  A gnoll bouda (D:7)
  A jelly (D:6)
  3 orc priests
  2 iguanas (D:6)
  Jessica (D:2)
  A sleepcap (D:4)
  7 orc wizards
  8 gnolls
  14 adders
  A river rat (Sewer)
  A white imp (D:6)
  2 ufetubi (D:6)
  4 worms
  2 dart slugs
  18 orcs
  12 ball pythons
  2 bats (D:2)
  9 endoplasms
  4 giant cockroaches
  10 goblins
  11 hobgoblins
  2 jackals (D:4)
  4 quokkas
  A frilled lizard (D:1)
  15 kobolds
  13 rats
172 creatures vanquished.

Notes
Turn   | Place    | Note
-------+----------+-------------------------------------------
     0 | D:1      | timneilson the Octopode Shapeshifter began the quest for
                  | the Orb.
     0 | D:1      | Reached XP level 1. HP: 13/13 MP: 1/1
   295 | D:1      | Reached XP level 2. HP: 18/18 MP: 2/2
   791 | D:1      | Reached skill level 1 in Stealth
   894 | D:2      | Reached XP level 3. HP: 23/23 MP: 3/3
  1374 | D:2      | Reached XP level 4. HP: 29/29 MP: 4/4
  1523 | D:2      | Noticed Jessica
  1528 | D:2      | Killed Jessica
  1529 | D:2      | Reached XP level 5. HP: 29/34 MP: 5/5
  1829 | D:3      | Found Famij's General Store.
  2147 | D:3      | Found a transporter.
  2177 | D:3      | Found a transporter.
  2320 | D:3      | Reached skill level 4 in Unarmed Combat
  2652 | D:4      | Reached XP level 6. HP: 31/41 MP: 6/6
  2790 | D:4      | HP: 2/41 [poisoned by a scorpion]
  3318 | D:4      | Found a staircase to the Ecumenical Temple.
  3358 | Temple   | Entered the Ecumenical Temple
  3372 | Temple   | Became a worshipper of Gozag Ym Sagoz the Greedy
  3501 | D:5      | Entered Level 5 of the Dungeon
  3538 | D:5      | Reached XP level 7. HP: 3/43 MP: 7/7
  3661 | D:5      | Found a glowing drain.
  3675 | Sewer    | Entered a sewer
  4313 | D:5      | Reached skill level 5 in Unarmed Combat
  4597 | D:4      | Reached XP level 8. HP: 22/54 MP: 8/8
  4975 | D:5      | Reached skill level 5 in Shapeshifting
  5195 | D:5      | Found a shimmering altar of Xom.
  5450 | D:5      | Identified the +0 scale mail of Illu {-Tele Rampage rPois
                  | Str+7}
  5536 | D:5      | Noticed Menkaure
  5544 | D:5      | Killed Menkaure
  5545 | D:5      | Reached skill level 5 in Dodging
  5807 | D:6      | Reached skill level 1 in Shields
  5831 | D:6      | Noticed Eustachio
  5990 | D:6      | Killed Eustachio
  5991 | D:6      | Reached skill level 5 in Fighting
  5991 | D:6      | Reached skill level 5 in Stealth
  5991 | D:6      | Reached skill level 6 in Unarmed Combat
  6137 | D:6      | Reached XP level 9. HP: 56/61 MP: 9/9
  6597 | D:7      | Found a broken altar of Ashenzari.
  6598 | D:7      | Found a burning altar of Makhleb.
  6691 | D:7      | HP: 1/61 [orc priest/divine providence (12)]
  6892 | D:7      | HP: 1/61 [gnoll/+0 spear[a gnoll bouda] (3)]
  6894 | D:7      | Mangled by a gnoll

Illustrated notes

Levels and vault maps discovered:
D:1:      spicycebolla_arrival_ecumenical, layout_loops_corners, minmay_unequal
D:2:      layout_basic, uniq_jessica
D:3:      gammafunk_wand_slinger, layout_loops_ring, serial_shops,
          nicolae_shop_pleasant_corner_grove
D:4:      layout_rooms, temple_doors_cd
D:5:      layout_cave_pods, tgw_xom, portal_sewer_entry_e, uniq_menkaure
D:6:      layout_basic, uniq_eustachio
D:7:      layout_basic, nicolae_overflow_two_pavilions, st_stairs_8
Temple:   nicolae_temple_bog_church

Skill      XL: |  1  2  3  4  5  6  7  8  9 |
---------------+----------------------------+-----
Stealth        | 1 2 3 4 5 |  5.6
Fighting       | 2 3 4 5 |  5.5
Dodging        | 3 4 5 |  5.9
Unarmed Combat | 4 5 6 |  6.5
Shapeshifting  | 4 5 |  5.9
Shields        | 1 2 |  2.2

Action                     |  1- 3 |  4- 6 |  7- 9 || total
---------------------------+-------+-------+-------++-------
  Melee: Unarmed           |    57 |   123 |   214 ||   394
         Constrict         |    14 |    29 |    45 ||    88
         Tentacles         |    12 |    17 |    40 ||    69
         Punch             |       |     2 |    13 ||    15
    Use: Scroll            |     5 |     9 |    10 ||    24
         Potion            |       |       |     3 ||     3
   Stab: Sleeping          |     8 |    17 |    15 ||    40
         Distracted        |       |       |     2 ||     2
 Armour: Skin              |    28 |    35 |   106 ||   169
  Dodge: Dodged            |    16 |    59 |   140 ||   215
  Block: Buckler           |       |       |    22 ||    22

Table legend: (Time is in decaauts)
 A = Elapsed time spent in this place.
 B = Non-inter-level travel time spent in this place.
 C = Inter-level travel time spent in this place.
 D = Time resting spent in this place.
 E = Time spent auto-exploring this place.
 F = Levels seen in this place.
 G = Mean time per level.
                   A        B        C        D        E       F      G
               +--------+--------+--------+--------+--------+-----+--------+
         Total |   6871 |   6689 |    182 |    881 |   4010 |   9 |  763.4 |
       Dungeon |   6299 |   6130 |    169 |    853 |   3725 |   7 |  899.9 |
        Temple |     28 |     15 |     13 |      0 |      0 |   1 |   28.0 |
         Sewer |    543 |    543 |      0 |     28 |    285 |   1 |  543.0 |
               +--------+--------+--------+--------+--------+-----+--------+

Top non-repeatable levels by time:
     D:4: 1223 daAuts
     D:5: 1186 daAuts
     D:3: 979 daAuts
     D:1: 899 daAuts
     D:2: 857 daAuts
     D:6: 782 daAuts
   Sewer: 543 daAuts
     D:7: 371 daAuts
  Temple: 28 daAuts
